 Dungeon Crawl Stone Soup version 0.29-a0-275-g389c0b56f3 (webtiles) character file.

Game seed: 7208656634699903025

49 PaleWalker the Poker (level 3, -2/29 HPs)
             Began as a Merfolk Gladiator on Mar 10, 2022.
             Was a Plaything of Xom.
             Slain by Jessica the meliai (shapeshifter) (4 damage)
             ... on level 2 of the Dungeon.
             The game lasted 00:02:57 (1684 turns).

PaleWalker the Poker (Merfolk Gladiator)            Turns: 1684, Time: 00:02:58

Health: -2/29      AC:  4    Str: 14      XL:     3   Next: 77%
Magic:  3/3        EV: 13    Int:  4 (5)  God:    Xom [..*...]
Gold:   71         SH:  0    Dex: 17      Spells: 2/2 levels left

rFire   . . .      SeeInvis .   a - +0 trident
rCold   . . .      Faith    .   (no shield)
rNeg    . . .      Spirit   .   b - +0 leather armour
rPois   .          Reflect  .   c - +0 helmet
rElec   .          Harm     .   (no cloak)
rCorr   .          Rampage  .   (no gloves)
Will    .....                   (no boots)
Stlth   +.........              (no amulet)
HPRegen 0.09/turn               (no ring)
MPRegen 0.08/turn               (no ring)

@: hasted and slowed
A: (nimble swimmer 2), mertail, deterioration 2, dopey 1, screaming 1
a: Renounce Religion


You were on level 2 of the Dungeon.
You worshipped Xom.
You were a toy of Xom.
You visited 1 branch of the dungeon, and saw 2 of its levels.

You collected 71 gold pieces.

Inventory:

Hand Weapons
 a - a +0 trident (weapon)
Missiles
 d - 2 throwing nets (quivered)
 e - a javelin
Armour
 b - a +0 leather armour (worn)
 c - a +0 helmet (worn)
Scrolls
 f - 2 scrolls of blinking {unknown}
 h - a scroll of holy word {unknown}
 j - 2 scrolls of identify {unknown}
Potions
 g - a potion of berserk rage {unknown}
 i - a potion of curing {unknown}
 k - a potion of lignification {unknown}


   Skills:
 + Level 3.0 Fighting
 * Level 5.5 Polearms
 - Level 2.0 Throwing
 - Level 4.0 Dodging


You had 2 spell levels left.
You didn't know any spells.
Your spell library was empty.

Dungeon Overview and Level Annotations

Branches:
Dungeon (2/15)

Altars:
Xom

Annotations:
D:2 Jessica


Innate Abilities, Weirdness & Mutations

((You are very nimble when in or above water. (Stealth+, EV+, Speed+++)))
Your lower body shifts to a powerful aquatic tail in water.
Your body often deteriorates upon taking damage.
You are dopey. (Int -2)
You occasionally shout uncontrollably at your foes.


Message History

Pain shoots through your body!
Jessica struggles against the net.
Xom's power touches on a nearby monster.
Jessica changes into a shapeshifter!
You are now a plaything of Xom.
Jessica the shapeshifter changes into a hog!
Xom's power touches on a nearby monster.
Jessica suddenly stops moving!
You are now a toy of Xom.
You reach to attack!
Jessica fails to defend itself.
You puncture Jessica!
Jessica is moderately wounded.
You reach to attack!
Jessica fails to defend itself.
You hit Jessica.
Jessica is moderately wounded.
You reach to attack!
Jessica fails to defend itself.
You hit Jessica but do no damage.
Jessica is moderately wounded.
You reach to attack!
Jessica fails to defend itself.
You puncture Jessica!
Jessica is severely wounded.
Jessica is no longer paralysed.
Jessica struggles against the net. x2
You reach to attack!
You barely miss Jessica.
Jessica is severely wounded.
Jessica struggles against the net.
The net rips apart, and Jessica comes free!
You barely miss Jessica.
Jessica is severely wounded.
Jessica the hog changes into a rime drake!
You hit Jessica.
Jessica is lightly wounded.
Jessica the rime drake changes into a meliai!
You barely miss Jessica.
Jessica is lightly wounded.
Xom smiles on you.
You feel yourself speed up. Jessica hits you! Jessica closely misses you.
Jessica hits you.
* * * LOW HITPOINT WARNING * * *
Your body deteriorates!
You feel dopey. Jessica stings you.
* * * LOW HITPOINT WARNING * * *
Jessica hits you.
You die...
Xom cackles wildly!

#...... #......
##..#### #..## #.## #.#
.. #.###### #..#=#####
#.#.....
#...)y@.########.#.####
##..###..........#.####
#..><.....######......
##...)#..[............
#.##..............#..
#.##..........#.#....
#.#.....###.......#..
##...###.# #..........
#..### #.###...)[>....


You could see Jessica the meliai shaped shifter.

Vanquished Creatures
  An adder (D:2)
  A worm (D:2)
  A dart slug (D:1)
  5 bats
  5 endoplasms
  A giant cockroach (D:1)
  4 goblins
  2 hobgoblins (D:1)
  2 jackals (D:1)
  2 quokkas
  A ball python (D:2)
  3 kobolds
  3 rats
31 creatures vanquished.

Notes
Turn   | Place    | Note
-------+----------+-------------------------------------------
     0 | D:1      | PaleWalker the Merfolk Gladiator began the quest for the
                  | Orb.
     0 | D:1      | Reached XP level 1. HP: 16/16 MP: 1/1
    25 | D:1      | Found a faded altar of an unknown god.
    36 | D:1      | Prayed at the altar of an unknown god.
    36 | D:1      | Became a worshipper of Xom the Psychopath
    47 | D:1      | XOM: divination: detect creatures
    70 | D:1      | Reached XP level 2. HP: 23/23 MP: 2/2
    81 | D:1      | XOM: silly message
   209 | D:1      | XOM: confuse monster(s)
   244 | D:1      | XOM: give mutations
   244 | D:1      | Gained mutation: You are dopey. (Int -2) [Xom's mischief]
   244 | D:1      | Gained mutation: Your body sometimes deteriorates upon
                  | taking damage. [Xom's mischief]
   244 | D:1      | Gained mutation: You occasionally shout uncontrollably at
                  | your foes. [Xom's mischief]
   507 | D:1      | XOM: noise
   634 | D:1      | XOM: 8-stop teleportation journey
   763 | D:1      | XOM: give mutation
   763 | D:1      | Gained mutation: Your body often deteriorates upon taking
                  | damage. [Xom's mischief]
   890 | D:2      | Reached skill level 5 in Polearms
   895 | D:2      | XOM: 1-stop teleportation journey
  1192 | D:2      | Reached XP level 3. HP: 28/28 MP: 3/3
  1344 | D:2      | XOM: god gift: 41 gold pieces
  1398 | D:2      | XOM: enchant monster (bad)
  1671 | D:2      | Noticed Jessica
  1675 | D:2      | Noticed Jessica
  1675 | D:2      | Jessica changed into Jessica the shapeshifter
  1675 | D:2      | XOM: polymorph Jessica -> Jessica the shapeshifter
  1675 | D:2      | Noticed Jessica
  1675 | D:2      | Jessica the shapeshifter changed into Jessica the hog
  1676 | D:2      | XOM: enchant monster (good)
  1682 | D:2      | Noticed Jessica
  1682 | D:2      | Jessica the hog changed into Jessica the rime drake
  1683 | D:2      | Noticed Jessica
  1683 | D:2      | Jessica the rime drake changed into Jessica the meliai
  1684 | D:2      | XOM: potion effect (haste)
  1684 | D:2      | Slain by Jessica the meliai (shapeshifter)

Illustrated notes

Levels and vault maps discovered:
D:1:      nzn_arrival_crosshair, layout_basic,
          hellmonk_ecumenical_altar_blasted, hangedman_decor_push,
          chequers_arboretum, minmay_crystal_water
D:2:      layout_rooms, item_on_display_a, uniq_jessica

Skill      XL: |  1  2  3 |
---------------+----------+-----
Polearms       | 5 |  5.5
Fighting       | 3 |  3.0
Throwing       | |  2.0
Dodging        | |  4.0

Action                   || total
-------------------------++-------
Melee: Trident           ||   112
Throw: Throwing net      ||     1
 Stab: Sleeping          ||     2
       Paralysed         ||     4
Armor: Leather armour    ||    21
Dodge: Dodged            ||    52

Table legend: (Time is in decaauts)
 A = Elapsed time spent in this place.
 B = Non-inter-level travel time spent in this place.
 C = Inter-level travel time spent in this place.
 D = Time resting spent in this place.
 E = Time spent auto-exploring this place.
 F = Levels seen in this place.
 G = Mean time per level.
                   A        B        C        D        E       F      G
               +--------+--------+--------+--------+--------+-----+--------+
         Total |   1688 |   1669 |     19 |      0 |   1443 |   2 |  844.0 |
       Dungeon |   1688 |   1669 |     19 |      0 |   1443 |   2 |  844.0 |
               +--------+--------+--------+--------+--------+-----+--------+

Top non-repeatable levels by time:
     D:1: 881 daAuts
     D:2: 807 daAuts
